 Dungeon Crawl Stone Soup version 0.27-a0-679-g77a6b55cf3 (webtiles) character file.

Game seed: 1037394453757270373

91 leviel the Skirmisher (level 4, -1/41 HPs)
             Began as a Hill Orc Fighter on Mar 18, 2021.
             Slain by a gnoll
             ... wielding a +0 halberd
              (3 damage)
             ... on level 2 of the Dungeon.
             The game lasted 00:02:11 (1456 turns).

leviel the Skirmisher (Hill Orc Fighter)            Turns: 1456, Time: 00:02:14

Health: -1/41      AC:  7    Str: 19    XL:     4   Next: 59%
Magic:  4/4        EV:  7    Int:  8    God:
Gold:   8          SH:  9    Dex: 10    Spells: 3/3 levels left

rFire    . . .     SeeInvis .   a - +0 long sword
rCold    . . .     Faith    .   c - +0 kite shield
rNeg     . . .     Spirit   .   b - +0 scale mail
rPois    .         Reflect  .   (no helmet)
rElec    .         Harm     .   (no cloak)
rCorr    .         Rampage  .   (no gloves)
Will     .....                  (no boots)
Stlth    ..........             (no amulet)
HPRegen  0.13/turn              (no ring)
MPRegen  0.09/turn              (no ring)

@: no status effects
A: no striking features
a: no special abilities


You were on level 2 of the Dungeon.
You visited 1 branch of the dungeon, and saw 2 of its levels.

You collected 8 gold pieces.

Inventory:

Hand Weapons
 a - a +0 long sword (weapon)
Armour
 b - a +0 scale mail (worn)
 c - a +0 kite shield (worn)
Magical Staves
 e - a staff of earth
Jewellery
 j - a +6 ring of intelligence
Scrolls
 f - a scroll of identify {unknown}
 h - a scroll of holy word {unknown}
 k - a scroll of teleportation {unknown}
Potions
 d - 2 potions of might
 g - a potion of curing {unknown}
 i - a potion of heal wounds {unknown}


   Skills:
 + Level 4.3 Fighting
 + Level 3.2 Long Blades
 + Level 3.9 Armour
 + Level 0.6 Dodging
 + Level 0.1 Stealth
 + Level 3.9 Shields


You had 3 spell levels left.
You didn't know any spells.
Your spell library was empty.

Dungeon Overview and Level Annotations

Branches:
Dungeon (2/15)

Altars:

Shops:
D:1 ?


Message History

You hit the gnoll but do no damage. The gnoll hits you with a +0 whip!
You block the kobold's attack. The gnoll barely misses you.
The gnoll closely misses you.
You closely miss the gnoll. The kobold hits you but does no damage.
The gnoll hits you from afar with a +0 halberd!
You block the gnoll's attack. The kobold hits you but does no damage.
You are too injured to fight recklessly!
You are too injured to fight recklessly!
You are too injured to fight recklessly!
You are too injured to fight recklessly!
You are too injured to fight recklessly!
You are too injured to fight recklessly!
You are too injured to fight recklessly!
You are too injured to fight recklessly!
You are too injured to fight recklessly!
You are too injured to fight recklessly!
You are too injured to fight recklessly!
You are too injured to fight recklessly!
You are too injured to fight recklessly!
You are too injured to fight recklessly!
You are too injured to fight recklessly!
You are too injured to fight recklessly!
Things that are here:
a jackal corpse; a jackal corpse You hit the gnoll.
The gnoll is heavily wounded.
The gnoll barely misses you. The gnoll hits you but does no damage.
You block the gnoll's attack. The gnoll hits you with a +0 whip.
You hit the gnoll.
The gnoll is almost dead.
The gnoll hits you from afar with a +0 halberd.
The gnoll barely misses you.
You closely miss the gnoll.
The gnoll is almost dead.
The gnoll hits you from afar with a +0 halberd!
* * * LOW HITPOINT WARNING * * *
The gnoll hits you with a +0 whip.
* * * LOW HITPOINT WARNING * * *
The gnoll hits you from afar with a +0 halberd.
You die...

... .# ##..
.# #...# .#
#.... .#
#.... .# #
#...[#.#.#
#...gK...#
#####g##.# #
#####@##.#..#
+...........#
#####..#.##.#
##.#.# #†#.#
#.#.#
#.#.#.[#
#...#..#
##..#..#


You could see 2 gnolls and a kobold.

Vanquished Creatures
  5 gnolls (D:2)
  4 leopard geckos (D:1)
  4 bats (D:1)
  A giant cockroach (D:1)
  2 goblins
  2 hobgoblins (D:1)
  10 jackals
  2 quokkas (D:1)
  A ball python (D:1)
  2 kobolds (D:1)
  2 rats (D:1)
35 creatures vanquished.

Notes
Turn   | Place    | Note
-------+----------+-------------------------------------------
     0 | D:1      | leviel the Hill Orc Fighter began the quest for the Orb.
     0 | D:1      | Reached XP level 1. HP: 19/19 MP: 1/1
   221 | D:1      | Reached XP level 2. HP: 27/27 MP: 2/2
   370 | D:1      | Found Nabb's Magic Scroll Emporium.
   373 | D:1      | Reached skill level 4 in Fighting
   506 | D:1      | Reached XP level 3. HP: 21/33 MP: 3/3
  1062 | D:2      | Reached XP level 4. HP: 19/40 MP: 4/4
  1456 | D:2      | HP: 2/41 [gnoll/+0 whip (1)]
  1456 | D:2      | Slain by a gnoll

Illustrated notes

Levels and vault maps discovered:
D:1:      onia_arrival_mini_maze_b, layout_rooms, serial_shops, shop
D:2:      layout_basic, grunt_temple_overflow_diamond, corner_web_ring

Skill      XL: |  1  2  3 |
---------------+----------+-----
Fighting       | 4 |  4.3
Long Blades    | 3 |  3.2
Armour         | |  3.9
Dodging        | |  0.6
Stealth        | |  0.1
Shields        | |  3.9

Action                   |  1- 3 |  4- 6 || total
-------------------------+-------+-------++-------
Melee: Long sword        |    91 |    25 ||   116
Armor: Scale mail        |    36 |    12 ||    48
Dodge: Dodged            |    26 |     5 ||    31
Block: Kite shield       |    50 |    15 ||    65
       Rpst.: Long sword |     3 |       ||     3

Table legend: (Time is in decaauts)
 A = Elapsed time spent in this place.
 B = Non-inter-level travel time spent in this place.
 C = Inter-level travel time spent in this place.
 D = Time resting spent in this place.
 E = Time spent auto-exploring this place.
 F = Levels seen in this place.
 G = Mean time per level.
                   A        B        C        D        E       F      G
               +--------+--------+--------+--------+--------+-----+--------+
         Total |   1512 |   1344 |    168 |    273 |    832 |   2 |  756.0 |
       Dungeon |   1512 |   1344 |    168 |    273 |    832 |   2 |  756.0 |
               +--------+--------+--------+--------+--------+-----+--------+

Top non-repeatable levels by time:
     D:1: 959 daAuts
     D:2: 553 daAuts
